 Dungeon Crawl Stone Soup version 0.29.1-15-g9cfb28693d (webtiles) character file.

Game seed: 17369704298855561531

61 Ast3rio the Poker (level 3, -3/51 HPs)
             Began as a Minotaur Berserker on Mar 28, 2023.
             Was a Believer of Trog.
             Slain by a goblin
             ... wielding a +0 dagger
             ... led by Robin
              (4 damage)
             ... on level 2 of the Dungeon.
             The game lasted 00:01:59 (1207 turns).

Ast3rio the Poker (Minotaur Berserker)              Turns: 1207, Time: 00:02:01

Health: -3/51      AC:  5    Str: 23    XL:     3   Next: 83%
Magic:  2/2        EV: 11    Int:  4    God:    Trog [**....]
Gold:   86         SH:  0    Dex:  9    Spells: 2/2 levels left

rFire   . . .      SeeInvis .   a - +0 spear
rCold   . . .      Faith    .   (no shield)
rNeg    . . .      Spirit   .   d - +0 ring mail
rPois   .          Reflect  .   (helmet restricted)
rElec   .          Harm     .   (no cloak)
rCorr   .          Rampage  .   (no gloves)
Will    .....                   (no boots)
Stlth   ..........              (no amulet)
HPRegen 0.17/turn               (no ring)
MPRegen 0.08/turn               (no ring)

@: berserking, very quick
A: horns 2, retaliatory headbutt
a: Renounce Religion, Berserk, Trog's Hand


You were on level 2 of the Dungeon.
You worshipped Trog.
Trog was pleased with you.
You visited 1 branch of the dungeon, and saw 2 of its levels.

You collected 86 gold pieces.

Inventory:

Hand Weapons
 a - a +0 spear (weapon)
Armour
 b - a +0 animal skin
 d - a +0 ring mail (worn)
Scrolls
 e - a scroll of immolation {unknown}
 f - a scroll of blinking {unknown}
 g - a scroll of enchant armour {unknown}
 h - a scroll of teleportation {unknown}
Potions
 c - a potion of heal wounds {unknown}


   Skills:
 + Level 4.5 Fighting
 + Level 4.7 Polearms
 + Level 2.8 Armour
 + Level 2.4 Dodging


You had 2 spell levels left.
You didn't know any spells.
Your spell library was empty.

Dungeon Overview and Level Annotations

Branches:
Dungeon (2/15)

Altars:

Annotations:
D:2 Robin


Innate Abilities, Weirdness & Mutations

You have a pair of horns on your head.
You reflexively headbutt those who attack you in melee.


Message History

The goblin barely misses you. x2; You furiously retaliate!
You headbutt the goblin. You hit the goblin.
You kill the goblin!
Trog accepts your kill. The goblin hits you with a +0 dagger.
Robin throws the goblin at you!
You hit the goblin but do no damage. The goblin completely misses you.
The goblin hits you but does no damage. The goblin barely misses you.
The goblin hits you with a +0 club.
Robin flexes a bicep menacingly.
The hobgoblin hits you.
You puncture the goblin!
You kill the goblin!
Trog accepts your kill. The goblin hits you with a +0 dagger.
The hobgoblin closely misses you. The goblin barely misses you.
The goblin closely misses you.
A red film seems to cover your vision as you go berserk!
You feel yourself moving faster!
You feel mighty!
The goblin hits you with a +0 dagger. x2; The goblin hits you with a +0 club.
* * * LOW HITPOINT WARNING * * *
The hobgoblin hits you but does no damage.
Robin barely misses you. You furiously retaliate!
You headbutt Robin! You closely miss the goblin. You puncture the goblin!
You kill the goblin!
Trog accepts your kill. The goblin hits you with a +0 dagger.
* * * LOW HITPOINT WARNING * * *
The hobgoblin hits you.
* * * LOW HITPOINT WARNING * * *
The goblin hits you with a +0 club.
* * * LOW HITPOINT WARNING * * *
Robin throws the goblin at you!
You hit Robin.
Robin is almost dead.
The goblin barely misses you. The hobgoblin barely misses you.
The goblin hits you with a +0 club.
* * * LOW HITPOINT WARNING * * *
The goblin hits you with a +0 dagger.
You die...

...... #....... #......#
#..#...# #..#...#
#..#...# #..#gg.#
#..#@).# #.###..ggg.# #
###......[...# ###
#.######.#...# #..
#........#...#
#########..
###.####.#...####..
....... #.#
#.##....##.######...
#.#######.##.##.#........
#_##......##....#.#####.#


You could see Robin, a hobgoblin (strong) and 3 goblins.

Vanquished Creatures
  A gnoll (D:1)
  An adder zombie (D:2)
  An adder skeleton (D:2)
  A dart slug (D:1)
  3 bats (D:1)
  2 endoplasms
  2 giant cockroaches
  2 hobgoblins (D:2)
  4 jackals (D:1)
  5 kobolds
  A quokka (D:1)
  3 ball pythons (D:1)
  3 frilled lizards
  9 goblins
  2 rats (D:1)
40 creatures vanquished.

Notes
Turn   | Place    | Note
-------+----------+-------------------------------------------
     0 | D:1      | Ast3rio the Minotaur Berserker began the quest for the Orb.
     0 | D:1      | Reached XP level 1. HP: 19/19 MP: 0/0
   343 | D:1      | Reached XP level 2. HP: 19/27 MP: 1/1
   784 | D:1      | Reached ** piety under Trog
   930 | D:1      | Reached XP level 3. HP: 34/34 MP: 2/2
  1171 | D:2      | Found a faded altar of an unknown god.
  1192 | D:2      | Noticed Robin
  1207 | D:2      | HP: 1/51 [goblin/+0 club[Robin] (3)]
  1207 | D:2      | Slain by a goblin

Illustrated notes

Levels and vault maps discovered:
D:1:      spicycebolla_green_bress_n_ham_2, layout_basic
D:2:      layout_basic, basic_altar, serial_undead, serial_undead_a,
          serial_undead_e, serial_undead_d, serial_undead_d,
          ebering_ecumenical_altar_hall, uniq_robin

Skill      XL: |  1  2 |
---------------+-------+-----
Fighting       | 4 |  4.5
Polearms       | 4 |  4.7
Armour         | |  2.8
Dodging        | |  2.4

Action                   || total
-------------------------++-------
Melee: Spear             ||   101
       Headbutt          ||    12
Invok: Berserk           ||     1
Armor: Ring mail         ||    22
       Animal skin       ||     4
Dodge: Dodged            ||    50
